 Dungeon Crawl Stone Soup version 0.14-a0-1765-g49ce880 (webtiles) character file.

4094 Psiweapon the Covert (level 10, -5/58 HPs)
             Began as an Octopode Artificer on Jan 5, 2014.
             Was a Believer of Nemelex Xobeh.
             Slain by a staircase mimic (9 damage)
             ... on Level 9 of the Dungeon.
             The game lasted 01:16:52 (13863 turns).

Psiweapon the Covert (Octopode Artificer)          Turns: 13863, Time: 01:16:52

HP  -5/58        AC  3     Str 14      XL: 10   Next: 12%
MP  15/15        EV 17     Int 14      God: Nemelex Xobeh [**....]
Gold 429         SH  0     Dex 16      Spells:  1 memorised,  7 levels left

rFire  . . .     SeeInvis .     S - +0 cutlass
rCold  . . .     Clarity  .     (no shield)
rNeg   + + .     Conserve .     N - +2 cap
rPois  +         rCorr    .     (no amulet)
rElec  .         rRot     .     B - ring of wizardry
SustAb . .       Spirit   .     J - ring of positive energy
rMut   .         Warding  .     E - +1 ring of strength
Saprov . . .     Stasis   .     K - ring "Chyfazor" {rPois rN+, unknown}
                                c - +2 ring of strength
                                (no ring)
                                (no ring)
                                (no ring)

@: held, somewhat resistant to hostile enchantments, extremely stealthy
A: almost no armour, amphibious, 8 rings, constrict 8, camouflage 1, gelatinous
body 1
a: Draw One, Peek at Two, Renounce Religion


You were on level 9 of the Dungeon.
You worshipped Nemelex Xobeh.
Nemelex Xobeh was pleased with you.
You were hungry.

You visited 2 branches of the dungeon, and saw 11 of its levels.
You also visited: Ossuary.

You collected 429 gold pieces.

Inventory:

Hand weapons
 n - a +0,+0 sling
 t - a +1,+0 elven dagger
 R - a +0,+0 morningstar
 S - a +0,+0 cutlass (weapon)
 X - a cursed +3,+1 dwarven hammer of protection
Missiles
 m - 7 poisoned sling bullets
 v - 41 poisoned needles
 C - 58 stones (quivered)
 D - 21 sling bullets
 Z - 4 poisoned darts
Armour
 N - a +2 cap (worn)
Magical devices
 q - a wand of draining (4)
 s - a wand of lightning (1)
 z - a wand of polymorph (13)
Comestibles
 f - 7 bread rations
 g - 5 apples
 y - a chunk of orc flesh
 F - 10 cheeses
Scrolls
 k - 3 scrolls of enchant armour {unknown}
 p - 4 scrolls of amnesia
 u - 4 scrolls of teleportation
 w - 2 scrolls of enchant weapon II {unknown}
 A - a scroll of fear {unknown}
 H - a scroll of enchant weapon I {unknown}
 L - a scroll of vulnerability {unknown}
 O - a scroll of curse armour {unknown}
 T - 2 scrolls of immolation {unknown}
 V - a scroll of blinking {unknown}
 Y - 2 scrolls of fog {unknown}
Jewellery
 c - a +2 ring of strength (on tentacle)
 o - an uncursed ring of ice
 B - a ring of wizardry (left tentacle)
 E - a +1 ring of strength (on tentacle)
 J - a ring of positive energy (right tentacle)
 K - the ring "Chyfazor" (on tentacle) {rPois rN+, unknown}
   (You found it on level 9 of the Dungeon)

   [ring of positive energy]

   It protects you from poison.
 M - an uncursed ring of fire
Potions
 a - 2 potions of mutation {unknown}
 d - a potion of speed {unknown}
 e - 5 potions of curing
 h - a potion of lignification {unknown}
 i - a potion of agility {unknown}
 l - a potion of magic
 r - 2 potions of flight {unknown}
 x - 2 potions of restore abilities {unknown}
 G - 2 potions of resistance {unknown}
 P - 2 potions of heal wounds
 Q - a potion of degeneration {unknown}
 U - a potion of invisibility
Books
 I - a book of Maledictions

   Spells                             Type                      Level
   Corona                             Hexes                        1
   Sure Blade                         Hexes/Charms                 2
   *Ensorcelled Hibernation           Hexes/Ice                    2
   Confuse                            Hexes                        3
   Enslavement                        Hexes                        4
   Invisibility                       Hexes                        6
Miscellaneous
 b - a plain deck of summonings {drawn: 5}
 j - a fan of gales (inert)


   Skills:
 - Level 1.0 Fighting
 + Level 7.2 Short Blades
 - Level 5.6 Slings
 - Level 1.0 Throwing
 + Level 7.8 Dodging
 + Level 9.9 Stealth
 + Level 3.0 Hexes
 - Level 3.2 Evocations


You had 7 spell levels left.
You knew the following spells:

 Your Spells              Type           Power        Failure   Level  Hunger
a - Ensorcelled Hibernat  Hex/Ice        #.....       10%         2    ###....


Dungeon Overview and Level Annotations

Branches:
Dungeon (10/16)            Temple (1/1) D:5
    Orc: D:9-12        Lair: D:8-11

Altars:
Ashenzari
Cheibriados
Elyvilon
Fedhas
Kikubaaqudgha
Makhleb
Nemelex Xobeh
Okawaru
Sif Muna
Trog
Vehumet
Xom
Yredelemnul
Zin
the Shining One

Shops:
D:8 (

Annotations:
D:2 Sigmund
D:3 1 exclusion
D:5 exclusion: downstairs
D:8 exclusions: giant frog, 3 wolves and 2 more exclusions


Innate Abilities, Weirdness & Mutations

You cannot wear most types of armour.
You are amphibious.
You can wear up to eight rings at the same time.
You can use your tentacles to constrict many enemies at once.
Your skin changes colour to match your surroundings (Stlth).
Your rubbery body absorbs attacks (AC +1).


Message History

You hit the staircase mimic but do no damage.
You squeeze the staircase mimic.
The staircase mimic is lightly damaged.
You hit the staircase mimic. You squeeze the staircase mimic.
The staircase mimic is moderately damaged.
The staircase mimic hits you. The staircase mimic hits you!
You barely miss the staircase mimic.
The staircase mimic is moderately damaged.
The staircase mimic barely misses you.
You hit the staircase mimic. You squeeze the staircase mimic.
The staircase mimic is heavily damaged.
The staircase mimic hits you.
* * * LOW HITPOINT WARNING * * *
The staircase mimic hits you!
* * * LOW HITPOINT WARNING * * *
You hit the staircase mimic.
The staircase mimic is heavily damaged.
The staircase mimic hits you!
You die...
Your body glows slightly and disappears.

#....#
#...##..# .#
#.......
#^...#
#...##..# .#
#.......
#....#
#...##..# .
#.......
#....#
#...##..#
#..../..
#....#
#...##..#
#.......
#....#
#...##..#
#.####.......
#....#
#.......#
#......(.....
#....#
#......<#
#............
#....#
#..###@.#
#............
#....# #..#
#).#
#.......###..
#....# #..#
#.># #.......#
#.. #....#
#..# #..#
.......# #..
#....# #..#
#..# ......#
#..
#....####..#
#... .....#
#..
####.......#
#... ......#
#.. #.......#
#...#........#
#.. #.#####.#
#.. #........#
#..


You could see a staircase mimic.

Vanquished Creatures
  Grinder (D:5)
  Prince Ribbit (D:7)
  The ghost of M4edhros the Shield-Bearer, an average OpFi (D:6)
  An orc warrior (D:9)
  2 sky beasts (D:5)
  4 ogres
  A giant goldfish (D:6)
  5 giant frogs
  A crocodile (D:3)
  2 ice beasts
  An elf zombie (Ossuary)
  A hippogriff zombie (D:7)
  2 electric eels (D:6)
  3 centaurs
  A giant frog zombie (D:5)
  5 crimson imps
  A jelly (D:5)
  A goliath beetle (D:9)
  A big fish (D:6)
  2 hounds
  4 orc wizards
  A giant frog skeleton (D:4)
  3 iguanas
  7 worker ants
  An orange rat (D:7)
  A big kobold zombie (Ossuary)
  A sky beast zombie (D:9)
  Ijyb (D:2)
  A mottled dragon skeleton (D:8)
  The ghost of M4edhros the Shield-Bearer, a weakling OpFi (D:4)
  2 mummies (Ossuary)
  A gnoll (D:3)
  3 green rats (D:7)
  12 adders
  A giant centipede (D:8)
  A giant mite (D:4)
  4 worms
  An adder zombie (Ossuary)
  4 grey rats (D:7)
  6 giant geckos
  3 oozes
  17 orcs
  2 ball pythons (D:2)
  A bat zombie (D:6)
  7 giant cockroaches
  A gnoll zombie (Ossuary)
  10 goblins
  13 hobgoblins
  3 jackals (D:9)
  2 quokkas
  15 bats
  5 giant newts
  A goblin skeleton (D:4)
  2 goblin zombies (Ossuary)
  A hobgoblin skeleton (D:7)
  2 hobgoblin zombies (Ossuary)
  16 kobolds
  2 orc skeletons (D:7)
  An orc zombie (Ossuary)
  2 quokka zombies
  19 rats
  4 rat zombies (Ossuary)
222 creatures vanquished.

Vanquished Creatures (collateral kills)
  An ice beast (D:9)
  2 orc warriors (D:8)
  An ogre (D:5)
  An orc priest (D:8)
  2 orc wizards (D:8)
  A mummy (Ossuary)
  A green rat (D:5)
  2 gnolls (D:3)
  A worm (D:6)
  An adder zombie (Ossuary)
  An adder skeleton (D:8)
  2 orcs (D:8)
  A goblin (D:3)
  2 bats (D:5)
  2 kobold zombies (Ossuary)
  A rat (D:8)
  A rat zombie (Ossuary)
23 creatures vanquished.

Vanquished Creatures (others)
  2 ugly things (D:8)
  A hippogriff skeleton (D:8)
  A shadow imp (D:8)
  A white imp (D:8)
  A bat (D:4)
6 creatures vanquished.

Grand Total: 251 creatures vanquished

Notes
Turn   | Place    | Note
--------------------------------------------------------------
     0 | D:1      | Psiweapon, the Octopode Artificer, began the quest for the Orb.
     0 | D:1      | Reached XP level 1. HP: 13/13 MP: 1/1
   846 | D:1      | Reached XP level 2. HP: 18/18 MP: 3/3
  1853 | D:2      | Reached XP level 3. HP: 7/23 MP: 4/4
  2623 | D:2      | Noticed Ijyb
  2632 | D:2      | Killed Ijyb
  2632 | D:2      | Reached XP level 4. HP: 23/28 MP: 6/6
  2818 | D:2      | Reached skill level 1 in Throwing
  3057 | D:2      | Noticed Sigmund
  3313 | D:3      | Reached skill level 1 in Slings
  3661 | D:3      | Found a shimmering altar of Xom.
  3821 | D:4      | Reached XP level 5. HP: 21/33 MP: 7/7
  3827 | D:4      | Noticed an ogre
  3875 | D:3      | Found a deep blue altar of Sif Muna.
  4059 | D:3      | Noticed a crocodile
  4059 | D:3      | a gnoll changed into a crocodile
  4112 | D:3      | Killed a crocodile
  4676 | D:4      | Killed an ogre
  4676 | D:4      | Reached skill level 4 in Stealth
  4676 | D:4      | Reached XP level 6. HP: 38/38 MP: 9/9
  4886 | D:4      | Noticed M4edhros' ghost (weakling OpFi)
  4899 | D:4      | Killed M4edhros' ghost
  5161 | D:4      | Noticed a centaur
  5565 | D:4      | Killed a centaur
  5565 | D:4      | Reached XP level 7. HP: 43/43 MP: 10/10
  5725 | D:5      | Entered Level 5 of the Dungeon
  5943 | D:5      | Noticed Grinder
  5952 | D:5      | Killed Grinder
  5952 | D:5      | Reached skill level 5 in Stealth
  6265 | D:5      | Reached skill level 5 in Dodging
  6265 | D:5      | Reached skill level 6 in Stealth
  6265 | D:5      | Reached XP level 8. HP: 40/48 MP: 12/12
  6360 | D:5      | Found a staircase to the Ecumenical Temple.
  6390 | Temple   | Entered the Ecumenical Temple
  6621 | D:5      | Noticed Eustachio
  6833 | D:5      | Found a white marble altar of Elyvilon.
  6879 | D:6      | Noticed M4edhros' ghost (average OpFi)
  6939 | D:6      | Killed M4edhros' ghost
  7117 | D:5      | Reached skill level 5 in Short Blades
  7254 | D:5      | HP: 1/48 [something (18)]
  7262 | D:5      | HP: 2/48 [something (18)]
  7558 | D:5      | Noticed Eustachio
  7558 | D:5      | Eustachio changed into Eustachio the sky beast
  7653 | D:5      | Killed Eustachio the sky beast
  7898 | D:6      | Found a shattered altar of Ashenzari.
  7898 | D:6      | Found a sparkling altar of Nemelex Xobeh.
  7907 | D:6      | Became a worshipper of Nemelex Xobeh
  7936 | D:6      | Received a gift from Nemelex Xobeh
  7973 | D:6      | Reached skill level 7 in Stealth
  8188 | D:6      | Found a glowing silver altar of Zin.
  8188 | D:6      | Found a blossoming altar of Fedhas.
  8188 | D:6      | Found an iron altar of Okawaru.
  8195 | D:6      | Found an ancient bone altar of Kikubaaqudgha.
  8331 | D:6      | Found a sand-covered staircase.
  8338 | Ossuary  | Entered an ossuary
  8544 | Ossuary  | Reached XP level 9. HP: 53/53 MP: 13/13
  8679 | D:6      | Reached skill level 5 in Slings
  8679 | D:6      | Acquired Nemelex Xobeh's first power
  8686 | D:6      | Received a gift from Nemelex Xobeh
  8958 | D:6      | Reached skill level 8 in Stealth
  9975 | D:7      | Noticed Prince Ribbit
  9988 | D:7      | Killed Prince Ribbit
 10646 | D:7      | Learned a level 2 spell: Ensorcelled Hibernation
 10692 | D:7      | Found a blossoming altar of Fedhas.
 10918 | D:7      | Reached skill level 1 in Hexes
 10925 | D:7      | Reached skill level 9 in Stealth
 11519 | D:8      | Acquired Nemelex Xobeh's second power
 11740 | D:8      | Found Criteuda's Antique Weapon Emporium.
 11962 | D:8      | Received a gift from Nemelex Xobeh
 11991 | D:8      | Noticed a spiny frog
 12013 | D:8      | HP: 1/53 [spiny frog[the player character] (23)]
 12703 | D:9      | Found a burning altar of Makhleb.
 12948 | D:9      | Reached XP level 10. HP: 36/58 MP: 15/15
 13132 | D:9      | Got a wavering bronze ring
 13282 | D:10     | Entered Level 10 of the Dungeon
 13727 | D:9      | Received a gift from Nemelex Xobeh
 13863 | D:9      | Slain by a staircase mimic

Action                   |  1- 3 |  4- 6 |  7- 9 | 10-12 || total
-------------------------+-------+-------+-------+-------++-------
Melee: Short sword       |    37 |     5 |       |       ||    42
       Dagger            |    45 |    82 |   188 |    10 ||   325
       Cutlass           |       |     9 |   167 |    45 ||   221
       Sling             |       |       |     1 |       ||     1
 Fire: Sling             |       |    29 |    96 |    11 ||   136
Throw: Dart              |       |     2 |     4 |       ||     6
 Cast: Ensorcelled Hiber |       |       |     2 |     2 ||     4
Evoke: Wand              |     4 |    19 |    47 |     3 ||    73
       Deck              |       |       |    28 |       ||    28
       fan of gales      |       |       |     1 |       ||     1
  Use: Scroll            |       |     1 |     8 |       ||     9
       Potion            |       |       |     9 |       ||     9
 Stab: Sleeping          |     5 |    12 |    30 |     1 ||    48
       Paralysed         |       |       |     1 |       ||     1
       Distracted        |       |       |     2 |       ||     2
       Confused          |       |       |     1 |       ||     1
